 Dungeon Crawl Stone Soup version 0.21.1-1-g345015f (webtiles) character file.

22 inc the Sneak (level 2, 0/11 HPs)
             Began as a Felid Venom Mage on Mar 4, 2018.
             Slain by an adder (2 damage)
             ... on level 2 of the Dungeon.
             The game lasted 00:03:43 (1070 turns).

inc the Sneak (Felid Venom Mage)                    Turns: 1070, Time: 00:03:43

Health: 0/11       AC:  1    Str:  9    XL:     2   Next: 68%
Magic:  1/6        EV: 23    Int: 16    God:
Gold:   0          SH:  0    Dex: 21    Spells: 4/5 levels left
                                        Lives:  0   Deaths: 0

rFire    . . .     SeeInvis +   (weapon unavailable)
rCold    . . .     Gourm    .   (shield unavailable)
rNeg     . . .     Faith    .   (armour unavailable)
rPois    .         Spirit   .   (helmet unavailable)
rElec    .         Reflect  .   (cloak unavailable)
rCorr    .         Harm     .   (gloves unavailable)
MR       .....                  (boots unavailable)
Stlth    ++++......             (no amulet)
HPRegen  0.03/turn              c - ring of flight
MPRegen  0.10/turn              (no ring)

@: mighty, agile, lethally poisoned (0 -> -7), quick
A: very small, no armour, no weapons or thrown items, stealth, claws 1, fangs 3,
see invisible, carnivore, speed 1, shaggy fur 1, slow metabolism 1, sharp paws
a: Evoke Flight


You were on level 2 of the Dungeon.
You were not hungry.

You visited 1 branch of the dungeon, and saw 2 of its levels.

Inventory:

Jewellery
 c - a ring of flight (left paw)
Scrolls
 f - a scroll of amnesia {unknown}
Books
 a - a Young Poisoner's Handbook

   Spells                             Type                      Level
   a - Sting                          Conjuration/Poison           1
   b - Poisonous Vapours              Poison/Air                   2
   c - Mephitic Cloud                 Conjuration/Poison/Air       3
   d - Olgreb's Toxic Radiance        Poison                       4
   e - Venom Bolt                     Conjuration/Poison           5
Comestibles
 b - 2 rations


   Skills:
 - Level 2.6 Dodging
 - Level 2.6 Stealth
 - Level 2.0 Spellcasting
 + Level 2.5 Conjurations
 - Level 2.6 Poison Magic


You had 4 spell levels left.
You knew the following spells:

 Your Spells              Type           Power        Failure   Level  Hunger
a - Sting                 Conj/Pois      #...         7%          1    #......


Dungeon Overview and Level Annotations

Branches:
Dungeon (2/15)

Altars:


Innate Abilities, Weirdness & Mutations

You cannot wear armour.
You are incapable of wielding weapons or throwing items.
Your paws allow you to move quietly. (Stealth)
You have sharp claws.
You have razor-sharp teeth.
You have supernaturally acute eyesight. (SInv)
You are carnivorous and can eat meat at any time.
You cover ground quickly.
You are covered in fur. (AC +1)
You have a slow metabolism.
Your sharp claws are effective at attacking unaware monsters.


Message History

Unknown command.
The adder looks more healthy.
The adder bites you but does no damage. The adder bites you.
You are lethally poisoned!
The adder poisons you!
* * * LOW HITPOINT WARNING * * *
You feel sick.
* * * LOW HITPOINT WARNING * * *
You feel sick.
It was a potion of agility.
You feel agile all of a sudden. The adder misses you.
The adder completely misses you.
It was a potion of might.
You feel very mighty all of a sudden. The adder closely misses you.
You barely miss the adder.
The adder is lightly wounded.
* * * LOW HITPOINT WARNING * * *
You feel sick. The adder bites you.
You die...

#.# #.# #.# #.##. .# #.##.
.# #.##. .# #.##. .###
#@##. ...## #
#S##.#####.#..#
##.#####S###.#.#.#$#.#.#.
##........##.......)......
..b.........#.#.#)#.#.#.#.
##..#######..............
# ###.#.#†#.#.#.#
#..........S.
.#<#######.#.#.#.#.#.#


You could see 2 adders.

Vanquished Creatures
  A dart slug (D:1)
  2 leopard geckos
  4 bats
  A giant cockroach (D:1)
  2 hobgoblins
  2 frilled lizards (D:1)
  2 kobolds (D:1)
  4 rats (D:1)
18 creatures vanquished.

Notes
Turn   | Place    | Note
-------+----------+-------------------------------------------
     0 | D:1      | inc the Felid Venom Mage began the quest for the Orb.
     0 | D:1      | Reached XP level 1. HP: 7/7 MP: 4/4
    16 | D:1      | Reached skill level 1 in Conjurations
   429 | D:1      | Reached XP level 2. HP: 11/11 MP: 0/6
  1070 | D:2      | Slain by an adder

Skill      XL: |  1  2 |
---------------+-------+-----
Conjurations   | 1 2 |  2.5
Dodging        | |  2.6
Stealth        | |  2.6
Spellcasting   | |  2.0
Poison Magic   | |  2.6

Action                   || total
-------------------------++-------
Melee: Unarmed           ||    21
       Bite              ||     1
 Cast: Sting             ||    50
  Use: Potion            ||     2
  Eat: Chunk             ||     2
Armor: Skin              ||     8
Dodge: Dodged            ||    61
